 Dungeon Crawl Stone Soup version 0.18.1-8-gdd0e5ea (webtiles) character file.

203 Gargoyl the Skirmisher (level 5, 0/41 HPs)
             Began as a Demonspawn Abyssal Knight on May 26, 2016.
             Was a Priest of Lugonu.
             Killed from afar by an orc wizard (8 damage)
             ... with a magic dart
             ... on level 3 of the Dungeon.
             The game lasted 00:05:42 (2842 turns).

Gargoyl the Skirmisher (Demonspawn Abyssal Knight)  Turns: 2842, Time: 00:05:42

Health: 0/41       AC: 14    Str: 12    XL:     5   Next: 51%
Magic:  7/7        EV:  8    Int: 13    God:    Lugonu [***...]
Gold:   120        SH:  8    Dex: 14    Spells: 0 memorised, 4 levels left

rFire  . . .     SeeInvis .     a - +1 hand axe
rCold  . . .     Gourm    .     d - +0 ring mail
rNeg   . . .     Faith    .     s - +1 shield {AC+3}
rPois  .         Spirit   .     (helmet restricted)
rElec  .         Dismiss  .     (no cloak)
rCorr  .         Reflect  .     (no gloves)
SustAt .         Harm     .     (no boots)
MR     .....                    (no amulet)
Stlth  +.........               (no ring)
                                q - +4 ring of protection

@: not resistant to hostile enchantments, very unstealthy
A: horns 1, thin metallic scales 1, rot immunity
a: Depart the Abyss, Bend Space, Banish, Renounce Religion


You were on level 3 of the Dungeon.
You worshipped Lugonu.
Lugonu was most pleased with you.
You were not hungry.

You visited 1 branch of the dungeon, and saw 3 of its levels.
You visited the Abyss 1 time.

You collected 120 gold pieces.

Inventory:

Hand Weapons
 a - a +1 hand axe (weapon)
Armour
 d - a +0 ring mail (worn)
 s - a +1 shield of protection (worn)
Jewellery
 q - a +4 ring of protection (left hand)
Wands
 p - a wand of iceblast (4/15)
 x - a wand of acid (5/15)
Scrolls
 b - 2 scrolls of identify {unknown}
 e - 2 scrolls of enchant weapon {unknown}
 h - a scroll of blinking {unknown}
 i - a scroll of teleportation {unknown}
 j - a scroll of fog {unknown}
 k - a scroll of amnesia {unknown}
 r - a scroll of remove curse {unknown}
 t - a scroll of immolation {unknown}
 v - a scroll of enchant armour {unknown}
Potions
 o - a potion of lignification {unknown}
 u - a potion of resistance {unknown}
 w - a potion of agility {unknown}
Comestibles
 c - 2 bread rations
 f - a meat ration
 g - 6 fruits
 m - a royal jelly


   Skills:
 + Level 3.6 Fighting
 + Level 2.4 Axes
 * Level 3.6 Armour
 + Level 2.4 Dodging
 + Level 0.6 Stealth
 + Level 0.1 Shields
 + Level 2.8 Invocations


You had 4 spell levels left.
You didn't know any spells.

Dungeon Overview and Level Annotations

Branches:
Dungeon (3/15)

Altars:
Elyvilon
Ru
Vehumet
Yredelemnul
Zin


Innate Abilities, Weirdness & Mutations

You have a pair of small horns on your head.
You are partially covered in thin metallic scales (AC +2).
You are immune to rotting.


Message History

You miss the orc wizard. You headbutt the orc wizard.
The orc wizard is heavily wounded.
You block the orc wizard's attack.
You hit the orc wizard. Your headbutt misses the orc wizard.
The orc wizard is severely wounded.
You block the orc wizard's attack.
The orc wizard hits you but does no damage.
You closely miss the orc wizard. You headbutt the orc wizard.
The orc wizard is severely wounded.
The orc wizard hits you but does no damage.
You block the orc wizard's attack.
You hit the orc wizard but do no damage.
You headbutt the orc wizard.
The orc wizard is almost dead.
The orc wizard hits you but does no damage. x2
You hit the orc wizard but do no damage.
The orc wizard is severely wounded.
The orc wizard gestures at you while chanting.
The magic dart hits you!
You die...

.#..... .......
.......
.......########.
#.....#.......
+.....#.....###
.##...)#)......#
..(...o@........
......))..##.#.
#########.##
#.........#
#######
#.######..#
......###.# #..#
#.....#.# #(.#
#.......# #..# .
#.....### #..#


You could see an orc wizard.

Vanquished Creatures
  2 orc priests (D:3)
  Ijyb (D:2)
  3 adders
  2 worms (D:2)
  3 dart slugs
  4 giant geckos
  2 orcs (D:3)
  A ball python (D:2)
  9 bats
  A giant cockroach (D:2)
  5 hobgoblins
  4 jackals (D:3)
  2 quokkas (D:2)
  12 giant newts
  10 goblins
  6 kobolds
  11 rats
78 creatures vanquished.

Notes
Turn   | Place    | Note
--------------------------------------------------------------
     0 | Abyss:1  | Gargoyl the Demonspawn Abyssal Knight began the quest for the Orb.
     0 | Abyss:1  | Reached XP level 1. HP: 18/18 MP: 2/2
    76 | D:1      | Escaped the Abyss
   248 | D:1      | Reached * piety under Lugonu
   416 | D:1      | Gained mutation: You have a pair of small horns on your head. [demonic ancestry]
   416 | D:1      | Reached XP level 2. HP: 17/24 MP: 3/3
  1145 | D:1      | Gained mutation: You are partially covered in thin metallic scales (AC +2). [demonic ancestry]
  1145 | D:1      | Reached XP level 3. HP: 26/29 MP: 5/5
  1290 | D:1      | Reached ** piety under Lugonu
  1383 | D:1      | Reached skill level 1 in Dodging
  1535 | D:2      | Found a radiant altar of Vehumet.
  1711 | D:2      | Noticed Ijyb
  1728 | D:2      | Killed Ijyb
  1728 | D:2      | Reached XP level 4. HP: 20/35 MP: 6/6
  2223 | D:2      | Found a white marble altar of Elyvilon.
  2275 | D:2      | Found a basalt altar of Yredelemnul.
  2344 | D:2      | Found a sacrificial altar of Ru.
  2549 | D:2      | Found a glowing silver altar of Zin.
  2754 | D:3      | Reached *** piety under Lugonu
  2756 | D:3      | Gained mutation: You are immune to rotting. [demonic ancestry]
  2756 | D:3      | Reached XP level 5. HP: 41/41 MP: 7/7
  2831 | D:3      | HP: 1/41 [orc priest/divine providence (13)]
  2836 | D:3      | HP: 1/41 [orc wizard/magic dart (7)]
  2842 | D:3      | Killed from afar by an orc wizard

Skill      XL: |  1  2  3  4 |
---------------+-------------+-----
Armour         | 2 3 |  3.6
Axes           | 2 |  2.4
Dodging        | 1 2 |  2.4
Fighting       | |  3.6
Stealth        | |  0.6
Shields        | |  0.1
Invocations    | |  2.8

Action                   |  1- 3 |  4- 6 || total
-------------------------+-------+-------++-------
Melee: Hand axe          |   133 |    95 ||   228
       Headbutt          |    15 |    10 ||    25
Invok: Depart the Abyss  |     1 |       ||     1
  Use: Potion            |       |     3 ||     3
  Eat: Chunk             |     3 |     4 ||     7
Armor: Ring mail         |    73 |    60 ||   133
Dodge: Dodged            |   107 |    38 ||   145
Block: Shield            |       |    44 ||    44
